 Dungeon Crawl Stone Soup version 0.27.1-33-g824d729ab1 (webtiles) character file.

Game seed: 6319567248671222305

156 Fallenstar the Shield-Bearer (level 5, -1/46 HPs)
             Began as a Minotaur Fighter on Dec 18, 2021.
             Frozen to death by spimroxx's ghost (7 damage)
             ... on level 4 of the Dungeon.
             The game lasted 00:16:17 (2288 turns).

Fallenstar the Shield-Bearer (Minotaur Fighter)     Turns: 2288, Time: 00:16:18

Health: -1/46      AC:  9    Str: 22    XL:     5   Next: 15%
Magic:  4/4        EV:  8    Int:  7    God:
Gold:   148        SH: 10    Dex:  9    Spells: 4/4 levels left

rFire    . . .     SeeInvis .   q - +3 spear "Hehaapp" {venom, Drain rElec rC+ Int+2}
rCold    + . .     Faith    .   c - +0 kite shield
rNeg     . . .     Spirit   .   b - +0 scale mail
rPois    .         Reflect  .   (helmet restricted)
rElec    +         Harm     .   e - +1 cloak
rCorr    .         Rampage  .   (no gloves)
Will     +....                  (no boots)
Stlth    ..........             (no amulet)
HPRegen  0.15/turn              l - ring of willpower
MPRegen  0.09/turn              (no ring)

@: mighty
A: horns 2, retaliatory headbutt
a: no special abilities


You were on level 4 of the Dungeon.
You visited 1 branch of the dungeon, and saw 4 of its levels.

You collected 148 gold pieces.

Inventory:

Hand Weapons
 a - a +0 trident
 q - the +3 spear "Hehaapp" (weapon) {venom, Drain rElec rC+ Int+2}
   (You took it off a gnoll on level 4 of the Dungeon)

   It poisons the flesh of those it strikes.
   Int:       It affects your intelligence (+2).
   rC:        It protects you from cold.
   rElec:     It insulates you from electricity.
   Drain:     It drains your maximum health when unequipped.
Armour
 b - a +0 scale mail (worn)
 c - a +0 kite shield (worn)
 e - a +1 cloak (worn)
Jewellery
 l - a ring of willpower (left hand)
 p - an amulet of the acrobat
Scrolls
 h - 4 scrolls of identify {unknown}
 i - a scroll of summoning {unknown}
 j - a scroll of blinking {unknown}
 m - 2 scrolls of enchant weapon {unknown}
Potions
 f - a potion of brilliance {unknown}
 g - a potion of ambrosia
 n - a potion of lignification {unknown}
 o - a potion of attraction {unknown}


   Skills:
 + Level 4.2 Fighting
 + Level 3.9 Polearms
 + Level 4.6 Armour
 + Level 1.0 Dodging
 + Level 5.0 Shields


You had 4 spell levels left.
You didn't know any spells.
Your spell library contained the following spells:

 Spells                   Type           Power      Damage    Failure   Level
 Summon Small Mammal      Summ           0%         N/A       99%         1
 Call Canine Familiar     Summ           0%         N/A       100%        3
 Summon Guardian Golem    Hex/Summ       0%         N/A       100%        3


Dungeon Overview and Level Annotations

Branches:
Dungeon (4/15)
 Temple: D:4-7

Altars:
Wu Jian

Shops:
D:4 :

Annotations:
D:4 1 transporter, spimroxx's ghost, amateur DjIE


Innate Abilities, Weirdness & Mutations

You have a pair of horns on your head.
You reflexively headbutt those who attack you in melee.


Message History

The gnoll hits you with a +0 whip.
Spimroxx's ghost gestures at you while chanting.
The blast of sand hits you.
* * * LOW HITPOINT WARNING * * *
You're too confused to move!
The gnoll hits you but does no damage.
Spimroxx's ghost hits you but does no damage.
You barely miss the plant.
The plant is lightly damaged.
You feel less invigorated.
You feel less confused.
A nearby plant withers and dies.
Spimroxx's ghost hits you but does no damage.
The gnoll hits you with a +0 whip.
You closely miss the gnoll. Your headbutt misses the gnoll.
You block spimroxx's ghost's attack. The gnoll hits you but does no damage.
You barely miss the gnoll. You headbutt the gnoll!
The gnoll is severely wounded.
Spimroxx's ghost freezes you.
You are frozen.
You resist.
* * * LOW HITPOINT WARNING * * *
You block the gnoll's attack.
You puncture the gnoll!
You kill the gnoll!
Spimroxx's ghost gestures at you while chanting.
You block the blast of sand. Spimroxx's ghost freezes you.
You are frozen.
You resist.
* * * LOW HITPOINT WARNING * * *
Things that are here:
a +0 whip; a +0 whip; a gnoll corpse You closely miss spimroxx's ghost.
Your headbutt misses spimroxx's ghost.
Spimroxx's ghost is almost destroyed.
Spimroxx's ghost freezes you.
You are frozen.
You resist.
* * * LOW HITPOINT WARNING * * *
You closely miss spimroxx's ghost.
Spimroxx's ghost is almost destroyed.
Spimroxx's ghost freezes you.
You are frozen!
You resist.
You die...

#..≈≈#..#8###8#!.#≈≈......#
#..≈≈##.###.###.##≈≈..#####
#..≈≈#...........#≈≈..#
#..≈≈###.##+##.###≈≈..#
#..≈≈..#.#P.P#=#..≈≈..#
#..≈≈.##.+...'.##.≈≈..#
#..≈≈.#..#..P#..#.≈≈..#
#..≈≈.##.##†##.##.≈≈..#
#......#.#P@W#.#.)≈≈..#
#.....©#.+[©)'.#©.≈≈..######
#......#.#8⌠8#.#..≈≈........
#..≈≈.##.#####.##.≈≈..######
#..≈≈.#©. !:W#..#.≈≈..#
#..≈≈.##.#...#.##.≈≈..#
#..≈≈..#.#$$$#.#..≈≈..#
#..≈≈###.##+##.###≈≈..#
#..≈≈#...........#≈≈..#


You could see spimroxx's ghost.

Vanquished Creatures
  An orc wizard (D:3)
  4 gnolls (D:4)
  2 adders
  A worm (D:2)
  A dart slug (D:1)
  4 orcs (D:3)
  3 bats
  7 endoplasms
  3 giant cockroaches
  6 goblins
  8 hobgoblins
  3 quokkas
  3 ball pythons
  3 frilled lizards
  9 kobolds
  5 rats
63 creatures vanquished.

Vanquished Creatures (others)
  2 plants (D:4)
2 creatures vanquished.

Grand Total: 65 creatures vanquished

Notes
Turn   | Place    | Note
-------+----------+-------------------------------------------
     0 | D:1      | Fallenstar the Minotaur Fighter began the quest for the
                  | Orb.
     0 | D:1      | Reached XP level 1. HP: 19/19 MP: 0/0
   356 | D:1      | Reached XP level 2. HP: 27/27 MP: 1/1
   553 | D:1      | Reached skill level 4 in Shields
   624 | D:1      | Found a faded altar of an unknown god.
   629 | D:1      | Reached XP level 3. HP: 33/33 MP: 2/2
  1376 | D:2      | Found an ornate altar of the Wu Jian Council.
  1612 | D:3      | Reached XP level 4. HP: 40/40 MP: 3/3
  1877 | D:3      | Reached skill level 1 in Dodging
  2072 | D:4      | Found Beunuf's Book Shop.
  2093 | D:4      | Identified the +3 spear "Hehaapp" {venom, Drain rElec rC+
                  | Int+2}
  2120 | D:4      | Noticed spimroxx's ghost (amateur DjIE)
  2182 | D:4      | Found a transporter.
  2183 | D:4      | Found a transporter.
  2231 | D:4      | Reached skill level 5 in Shields
  2231 | D:4      | Reached XP level 5. HP: 18/46 MP: 4/4
  2288 | D:4      | Frozen to death by spimroxx's ghost

Illustrated notes

Levels and vault maps discovered:
D:1:      zelgadis_glass_arrival_small, layout_rooms,
          shapermc_ecumenical_altar_petra
D:2:      layout_loops_corners, basic_altar, grunt_ministairs_4,
          minmay_diced_spiral
D:3:      layout_rooms
D:4:      layout_basic, gammafunk_ghost_gnarly_gnolls, nicolae_take_the_stairs,
          minmay_parallelograms

Skill      XL: |  1  2  3  4 |
---------------+-------------+-----
Armour         | 4 |  4.6
Fighting       | 4 |  4.2
Shields        | 4 5 |  5.0
Polearms       | 3 |  3.9
Dodging        | 1 |  1.0

Action                   |  1- 3 |  4- 6 || total
-------------------------+-------+-------++-------
Melee: Trident           |   110 |    52 ||   162
       Headbutt          |    20 |    13 ||    33
       Spear             |       |    23 ||    23
  Use: Potion            |       |     6 ||     6
Armor: Scale mail        |    39 |    34 ||    73
Dodge: Dodged            |    27 |    12 ||    39
Block: Kite shield       |    32 |    27 ||    59
